 Dungeon Crawl Stone Soup version 0.16.2-2-g470672f (webtiles) character file.

52 Misdraevus the Charmwright (level 3, -3/28 HPs)
             Began as a Merfolk Skald on July 28, 2015.
             Slain by an adder (5 damage)
             ... on level 2 of the Dungeon on Aug 20, 2015.
             The game lasted 00:15:13 (2158 turns).

Misdraevus the Charmwright (Merfolk Skald)          Turns: 2158, Time: 00:15:13

Health: -3/28      AC:  3    Str: 13    XL:     3   Next: 85%
Magic:  6/6        EV: 12    Int: 11    God:
Gold:   62         SH:  0    Dex: 13    Spells: 1 memorised, 5 levels left

rFire  . . .     SeeInvis .     i - -1 hand axe (curse)
rCold  . . .     Clarity  .     b - +0 leather armour
rNeg   . . .     SustAb   .     (no shield)
rPois  .         Gourm    .     (no helmet)
rElec  .         Spirit   .     (no cloak)
rCorr  .         Warding  .     (no gloves)
rMut   .         Stasis   .     (no boots)
MR     .....                    (no amulet)
Stlth  +.........               (no ring)
                                (no ring)

@: lethally poisoned (-3 -> -17), not resistant to hostile enchantments, very
unstealthy
A: change form in water, swift swim
a: no special abilities


You were on level 2 of the Dungeon.
You were not hungry.

You visited 1 branch of the dungeon, and saw 2 of its levels.

You collected 62 gold pieces.

Inventory:

Hand weapons
 a - a +0 spear
 e - a +0 short sword
 i - a cursed -1 hand axe (weapon)
 l - a +0 trident
Missiles
 f - 30 stones (quivered)
 n - 18 poisoned needles
 r - 8 poisoned sling bullets
 s - 20 sling bullets
Armour
 b - a +0 leather armour (worn)
Jewellery
 m - an uncursed ring of see invisible {unknown}
Scrolls
 g - a scroll of noise {unknown}
 h - 4 scrolls of remove curse {unknown}
 k - 4 scrolls of identify {unknown}
 o - 2 scrolls of enchant armour {unknown}
Potions
 j - a potion of lignification {unknown}
 p - 2 potions of agility {unknown}
 q - a potion of brilliance {unknown}
Books
 c - a book of Battle

   Spells                             Type                      Level
   a - Infusion                       Charms                       1
   b - Shroud of Golubria             Charms/Translocation         2
   c - Song of Slaying                Charms                       2
   d - Spectral Weapon                Hexes/Charms                 3
   e - Regeneration                   Charms/Necromancy            3
Comestibles
 d - 3 bread rations


   Skills:
 + Level 2.7 Fighting
 + Level 0.2(1.2) Axes
 + Level 3.5 Polearms
 + Level 1.2 Armour
 + Level 1.8 Dodging
 + Level 2.2 Spellcasting
 + Level 3.7 Charms


You had 5 spell levels left.
You knew the following spells:

 Your Spells              Type           Power        Failure   Level  Hunger
a - Infusion              Chrm           #.....       10%         1    ##.....


Dungeon Overview and Level Annotations

Branches:
Dungeon (2/15)

Altars:
Fedhas
Gozag


Message History

You feel sick. The adder barely misses you.
The adder bites you but does no damage.
You closely miss the adder.
The adder is moderately wounded.
* * * LOW HITPOINT WARNING * * *
You feel sick. The adder bites you.
* * * LOW HITPOINT WARNING * * *
You are more poisoned.
The adder poisons you!
You barely miss the adder.
The adder is moderately wounded.
* * * LOW HITPOINT WARNING * * *
You feel sick. The adder bites you.
* * * LOW HITPOINT WARNING * * *
The adder barely misses you.
You hit the adder but do no damage.
The adder is moderately wounded.
* * * LOW HITPOINT WARNING * * *
You feel sick. The adder bites you.
You die...

########### #
#.........# ##
#@#######.#######.
#S# #..........<..
#.# #.###.####....
#.# #.# #.#.. #.#
#.# #.#.. #.. ..#
#.##. ### . ###
#.... ##. ## #####
#.. .# #


You could see an adder.

Vanquished Creatures
  An adder (D:2)
  A giant mite (D:2)
  A giant gecko (D:2)
  5 bats
  2 giant cockroaches (D:1)
  6 goblins
  5 hobgoblins
  6 kobolds
  A ball python (D:1)
  2 jackals (D:2)
  4 rats
34 creatures vanquished.

Notes
Turn   | Place    | Note
--------------------------------------------------------------
     0 | D:1      | Misdraevus, the Merfolk Skald, began the quest for the Orb.
     0 | D:1      | Reached XP level 1. HP: 16/16 MP: 3/3
    52 | D:1      | Reached XP level 2. HP: 2/22 MP: 4/4
   694 | D:2      | Reached XP level 3. HP: 18/28 MP: 6/6
  1047 | D:2      | Found a blossoming altar of Fedhas.
  1184 | D:2      | Reached skill level 1 in Armour
  1441 | D:2      | Found an opulent altar of Gozag.
  1455 | D:2      | Upgraded the game from 0.16.1-51-g6203257 to 0.16.2-2-g470672f
  1758 | D:2      | HP: 1/28 [bat (1)]
  2158 | D:2      | Slain by an adder

Action                   || total
-------------------------++-------
Melee: Spear             ||    51
       Hand axe          ||   114
Throw: Stone             ||     2
  Eat: Bread ration      ||     1
